 Dungeon Crawl Stone Soup version 0.17-a0-1920-gafa4d75 (webtiles) character file.

445 derrpe the Destroyer (level 7, 0/36 HPs)
             Began as a Tengu Conjurer on Sept 27, 2015.
             Killed by Freeze
             ... invoked by derrpe's ghost
              (8 damage)
             ... on level 4 of the Dungeon.
             The game lasted 00:06:06 (3572 turns).

derrpe the Destroyer (Tengu Conjurer)               Turns: 3572, Time: 00:06:06

Health: 0/36       AC:  2    Str:  8    XL:     7   Next: 3%
Magic:  1/14       EV: 11    Int: 18    God:
Gold:   69         SH:  0    Dex: 14    Spells: 3 memorised, 8 levels left

rFire  . . .     SeeInvis .     h - +2 short sword (elec)
rCold  . . .     Clarity  .     a - +0 robe
rNeg   . . .     SustAt   .     (no shield)
rPois  +         Gourm    .     (helmet restricted)
rElec  .         Spirit   .     (no cloak)
rCorr  .         Warding  .     (no gloves)
rMut   .         Stasis   .     (boots unavailable)
MR     .....                    (no amulet)
Stlth  ++........               o - ring of poison resistance
                                l - ring of wizardry

@: heavily drained, not resistant to hostile enchantments, unstealthy
A: beak, talons 3, able to fly 1
a: Fly


You were on level 4 of the Dungeon.
You were not hungry.

You visited 1 branch of the dungeon, and saw 4 of its levels.

You collected 134 gold pieces.
You spent 65 gold pieces at shops.

Inventory:

Hand weapons
 h - a +2 short sword of electrocution (weapon)
Armour
 a - a +0 robe (worn)
Jewellery
 l - a ring of wizardry (left hand)
 o - a ring of poison resistance (right hand)
Magical devices
 n - a wand of cold (5)
Scrolls
 d - 5 scrolls of identify
 e - 2 scrolls of remove curse
 f - a scroll of immolation {unknown}
 i - a scroll of random uselessness {unknown}
 m - a scroll of amnesia {unknown}
 q - 2 scrolls of fog {unknown}
 v - a scroll of magic mapping {unknown}
 w - a scroll of noise {unknown}
Potions
 g - 5 potions of curing
 j - a potion of cure mutation {unknown}
 k - a potion of agility {unknown}
 r - a potion of haste {unknown}
 s - a potion of berserk rage {unknown}
 t - a potion of heal wounds
 u - a potion of flight {unknown}
 x - a potion of brilliance {unknown}
Books
 b - a book of Conjurations

   Spells                             Type                      Level
   a - Magic Dart                     Conjuration                  1
   b - Searing Ray                    Conjuration                  2
   c - Dazzling Spray                 Conjuration/Hexes            3
   d - Fulminant Prism                Conjuration/Hexes            4
   e - Iskenderun's Mystic Blast      Conjuration                  4
   f - Iskenderun's Battlesphere      Conjuration/Charms           5
Comestibles
 c - 3 bread rations {@e1}
 p - a slice of pizza


   Skills:
 - Level 2.1(0.9) Dodging
 - Level 2.0(0.7) Stealth
 + Level 4.2(2.9) Spellcasting
 * Level 9.1(7.6) Conjurations


You had 8 spell levels left.
You knew the following spells:

 Your Spells              Type           Power        Failure   Level  Hunger
a - Magic Dart            Conj           ####         1%          1    None
b - Searing Ray           Conj           ####..       1%          2    ##.....
c - Dazzling Spray        Conj/Hex       ###.....     4%          3    ###....


Dungeon Overview and Level Annotations

Branches:
Dungeon (4/15)
 Temple: D:4-7

Altars:
Dithmenos
Sif Muna

Shops:
D:4 !

Annotations:
D:4 derrpe's ghost, average DgIE


Innate Abilities, Weirdness & Mutations

You have a beak for a mouth.
You have claws for feet.
You can fly.


Message History

Aim: derrpe's ghost, wielding a weapon of draining (severely damaged)
The searing ray hits derrpe's ghost.
Derrpe's ghost is almost destroyed.
Derrpe's ghost hits you.
You feel drained.
The searing ray hits derrpe's ghost.
Derrpe's ghost is almost destroyed.
Derrpe's ghost gestures at you while chanting.
You are frozen.
The searing ray hits derrpe's ghost.
Derrpe's ghost is almost destroyed.
Derrpe's ghost hits you.
* * * LOW HITPOINT WARNING * * *
You feel drained.
* * * LOW HITPOINT WARNING * * *
Unknown command.
You closely miss derrpe's ghost.
Derrpe's ghost is almost destroyed.
Derrpe's ghost casts a spell at you.
You are frozen.
You die...

#....................#
###'###................#
#.....#.......>........#
###.♣.♣.#...)............#
#.'.._..'..........####'##
#.#.♣.♣.#.##.......##...##
#.#.....#.###+#######....#
##.###'###.##.......##....#
##....#.....@W........'....#
#......'.....#.......##'####
##....####'###.......##...##
##....##....##.............#
#...........###'#######....#
##....##....##.......##....#
###'####....+..............#
#.......<...#..............#
#...........#..............#


You could see derrpe's ghost.

Vanquished Creatures
  A hippogriff (D:3)
  An ogre (D:4)
  An orc priest (D:4)
  Ijyb (D:3)
  An orc wizard (D:3)
  A worker ant (D:4)
  A hound skeleton (D:4)
  4 adders
  An ooze (D:2)
  A worm (D:2)
  2 giant geckos
  8 orcs
  3 ball pythons
  8 bats
  4 giant cockroaches (D:2)
  7 hobgoblins
  3 jackals (D:3)
  6 kobolds
  A quokka (D:4)
  2 giant newts
  4 goblins
  A quokka skeleton (D:4)
  3 rats
65 creatures vanquished.

Notes
Turn   | Place    | Note
--------------------------------------------------------------
     0 | D:1      | derrpe the Tengu Conjurer began the quest for the Orb.
     0 | D:1      | Reached XP level 1. HP: 10/10 MP: 4/4
   104 | D:1      | Reached XP level 2. HP: 15/15 MP: 4/6
   358 | D:1      | Reached skill level 6 in Conjurations
   663 | D:1      | Reached XP level 3. HP: 19/19 MP: 3/7
   754 | D:1      | Learned a level 2 spell: Searing Ray
   758 | D:1      | Learned a level 3 spell: Dazzling Spray
  1171 | D:2      | Reached XP level 4. HP: 24/24 MP: 7/9
  1888 | D:3      | Found a shadowy altar of Dithmenos.
  2010 | D:3      | Reached skill level 7 in Conjurations
  2097 | D:3      | Gained mutation: You can fly. [Tengu growth]
  2097 | D:3      | Reached XP level 5. HP: 28/28 MP: 10/10
  2108 | D:3      | Noticed a hippogriff
  2121 | D:3      | Killed a hippogriff
  2121 | D:3      | Reached skill level 8 in Conjurations
  2121 | D:3      | Reached XP level 6. HP: 24/32 MP: 7/12
  2402 | D:3      | Noticed Ijyb
  2410 | D:3      | Killed Ijyb
  2973 | D:4      | Found Matel's Distillery.
  2979 | D:4      | Bought a potion of heal wounds for 65 gold pieces
  3190 | D:4      | Reached skill level 9 in Conjurations
  3190 | D:4      | Reached XP level 7. HP: 24/36 MP: 5/14
  3541 | D:4      | Found a deep blue altar of Sif Muna.
  3555 | D:4      | Noticed derrpe's ghost (average DgIE)
  3572 | D:4      | Killed from afar by derrpe's ghost

Vault maps used:
D:1:      sevenhm_arrival_forest_fort_small_4, hangedman_abyss_or_decor_stabs
D:2:      serial_bayou_pond_c
D:3:      columned_hall_lemuel, grunt_dithmenos_smoke, uniq_iyjb
D:4:      kennysheep_little_box, first_bread, serial_shops,
          nicolae_shop_waterfront

Action                   |  1- 3 |  4- 6 |  7- 9 || total
-------------------------+-------+-------+-------++-------
Melee: Short sword       |     4 |    26 |    15 ||    45
 Cast: Magic Dart        |    62 |    24 |     3 ||    89
       Searing Ray       |     1 |     6 |     3 ||    10
       Dazzling Spray    |       |     5 |     1 ||     6
  Use: Scroll            |       |     2 |       ||     2
 Stab: Sleeping          |       |     1 |       ||     1
       Invisible         |       |     3 |       ||     3
       Distracted        |       |       |     1 ||     1
  Eat: Chunk             |     2 |     6 |     2 ||    10
